 Dungeon Crawl Stone Soup version 0.21-a0-538-gd16b88a (webtiles) character file.

13796 tidbits the Martial Artist (level 12, -3/91 HPs)
             Began as a Gnoll Transmuter on Dec 16, 2017.
             Slain by a green ugly thing (7 damage)
             ... on level 12 of the Dungeon.
             The game lasted 00:34:27 (4255 turns).

tidbits the Martial Artist (Gnoll Transmuter)       Turns: 4255, Time: 00:34:28

Health: -3/91      AC:  4    Str: 13    XL:     12   Next: 9%
Magic:  19/24      EV: 17    Int: 21    God:
Gold:   548        SH:  0    Dex: 15    Spells: 13/28 levels left

rFire    + . .     SeeInvis .     - Unarmed
rCold    + + .     Gourm    .   (shield currently unavailable)
rNeg     . . .     Faith    .   B - +1 leather armour {rF+}
rPois    .         Spirit   .   (no helmet)
rElec    .         Reflect  .   Q - scarf {rC+ rF+}
rCorr    .         Harm     .   (gloves currently unavailable)
MR       +....                  (no boots)
Stlth    +++.......             (no amulet)
HPRegen  0.25/turn              e - ring of ice
MPRegen  0.19/turn              V - ring of protection from magic

@: lethally poisoned (-3 -> -28), blade hands
A: distributed training, fangs 1, strong nose
a: End Transformation


You were on level 12 of the Dungeon.
You were very hungry.
You had blades for hands.
You visited 2 branches of the dungeon, and saw 13 of its levels.
You also visited: Sewer, Ossuary and Ice Cave.

You collected 548 gold pieces.

Inventory:

Hand Weapons
 f - a +1 shortbow of freezing
   (You took it off a centaur on level 12 of the Dungeon)
 j - a +3 battleaxe of freezing
   (You took it off a frost giant in an ice cave)
 v - a +0 blowgun
 x - a +0 hand crossbow
 R - a +0 short sword of draining
   (You took it off a kobold on level 8 of the Dungeon)
Missiles
 g - 46 bolts
 h - 96 stones (quivered)
 G - 8 javelins
 H - 121 arrows
 K - 5 poisoned tomahawks
 M - 18 sling bullets
 S - 4 tomahawks
Armour
 i - a +0 shield
 B - a +1 leather armour of fire resistance (worn)
   (You found it on level 10 of the Dungeon)
 C - a +0 cloak
 Q - a scarf of resistance (worn)
   (You found it on level 8 of the Dungeon)
 W - the +1 robe of Jiblouf {rElec}
   (You found it on level 6 of the Dungeon)

   It insulates you from electricity.
Magical Staves
 m - an uncursed staff of air
   (You found it on level 8 of the Dungeon)
Jewellery
 e - a ring of ice (left scythe-like blade)
   (You found it on level 3 of the Dungeon)
 w - an uncursed ring of protection from fire
   (You found it in an ice cave)
 L - an uncursed ring of protection from fire
   (You found it on level 7 of the Dungeon)
 T - an uncursed ring of stealth
   (You found it on level 8 of the Dungeon)
 V - a ring of protection from magic (right scythe-like blade)
   (You found it on level 9 of the Dungeon)
Wands
 N - a wand of random effects (20)
 O - a wand of flame (23)
 Y - a wand of acid (18)
Scrolls
 a - a scroll of enchant armour {unknown}
 r - 12 scrolls of remove curse
 u - 6 scrolls of teleportation {unknown}
 D - a scroll of random uselessness {unknown}
 E - 2 scrolls of amnesia {unknown}
 F - a scroll of enchant weapon {unknown}
 J - a scroll of fog
 P - a scroll of immolation {unknown}
 Z - a scroll of blinking {unknown}
Potions
 k - 2 potions of ambrosia
 l - 2 potions of heal wounds
 o - a potion of cancellation
 p - a potion of curing
 q - 2 potions of lignification
 z - 4 potions of flight
 A - 2 potions of agility
 I - 3 potions of resistance
 U - a potion of brilliance
Books
 c - a book of Changes

   Spells                             Type                      Level
   a - Beastly Appendage              Transmutation                1
   b - Sticks to Snakes               Transmutation                2
   c - Spider Form                    Transmutation/Poison         3
   d - Ice Form                       Ice/Transmutation            4
   e - Blade Hands                    Transmutation                5
 s - a book of Ice
   (You found it in an ice cave)

   Spells                             Type                      Level
   a - Ice Form                       Ice/Transmutation            4
   b - Metabolic Englaciation         Hexes/Ice                    5
   c - Ozocubu's Refrigeration        Ice                          6
   d - Bolt of Cold                   Conjuration/Ice              6
   e - Freezing Cloud                 Conjuration/Ice/Air          6
   f - Simulacrum                     Ice/Necromancy               6
 y - a Fen Folio
   (You found it in an ice cave)

   Spells                             Type                      Level
   a - Corpse Rot                     Necromancy                   2
   b - Stone Arrow                    Conjuration/Earth            3
   c - Leda's Liquefaction            Hexes/Earth                  4
   d - Summon Forest                  Summoning/Translocation      5
   e - Hydra Form                     Transmutation                6
   f - Summon Hydra                   Summoning                    7
Miscellaneous
 b - a lightning rod (3/4)
 t - a box of beasts
Comestibles
 d - 4 bread rations
 n - 4 meat rations
 X - 9 royal jellies


   Skills:
 + Level 7.3 Fighting
 + Level 6.8 Short Blades
 + Level 6.8 Long Blades
 + Level 6.8 Axes
 + Level 6.8 Maces & Flails
 + Level 6.8 Polearms
 + Level 6.8 Staves
 + Level 6.8 Slings
 + Level 6.8 Bows
 + Level 6.8 Crossbows
 + Level 6.8 Throwing
 + Level 6.8 Armour
 + Level 8.3 Dodging
 + Level 6.8 Stealth
 + Level 6.8 Shields
 + Level 9.5 Unarmed Combat
 + Level 8.5 Spellcasting
 + Level 5.6 Conjurations
 + Level 5.6 Hexes
 + Level 5.6 Charms
 + Level 5.6 Summonings
 + Level 5.6 Necromancy
 + Level 5.6 Translocations
 + Level 6.9 Transmutations
 + Level 5.6 Fire Magic
 + Level 5.6 Ice Magic
 + Level 5.6 Air Magic
 + Level 5.6 Earth Magic
 + Level 5.6 Poison Magic
 + Level 7.5 Invocations
 + Level 6.8 Evocations


You had 13 spell levels left.
You knew the following spells:

 Your Spells              Type           Power        Failure   Level  Hunger
e - Beastly Appendage     Tmut           #####.       12%         1    None
h - Blade Hands           Tmut           #####.....   54%         5    #####..
i - Ice Form              Ice/Tmut       ######..     38%         4    ###....
k - Sticks to Snakes      Tmut           #####...     14%         2    None
p - Spider Form           Tmut/Pois      #####.....   21%         3    None


Dungeon Overview and Level Annotations

Branches:
Dungeon (12/15)            Temple (1/1) D:5             Orc (0/2) D:12
   Lair: D:8-11

Altars:
Ashenzari
Dithmenos
Elyvilon
Fedhas
Gozag
Hepliaklqana
Kikubaaqudgha
Makhleb
Nemelex Xobeh
Okawaru
Qazlal
Ru
Sif Muna
Trog
Uskayaw
Vehumet
Wu Jian
Xom
Yredelemnul
Zin
The Shining One

Shops:
D:6 (


Innate Abilities, Weirdness & Mutations

Your experience applies equally to all skills.
You have very sharp teeth.
Your uncanny sense of smell can sniff out nearby items.


Message History

The orc warrior is heavily wounded.
* * * LOW HITPOINT WARNING * * *
You feel sick. The orc warrior misses you.
The gnoll sergeant hits you from afar with a spear of venom.
* * * LOW HITPOINT WARNING * * *
You are more poisoned.
Search for what [? for help]? chei Can't find anything matching that.
Unknown command.
Unknown command.
Unknown command.
Unknown command.
You feel better.
The gnoll sergeant hits you from afar with a spear of venom!
* * * LOW HITPOINT WARNING * * *
The orc warrior closely misses you.
You hit the orc warrior but do no damage.
Your bite misses the orc warrior.
The orc warrior is heavily wounded.
The gnoll sergeant barely misses you.
You hit the orc warrior but do no damage.
The orc warrior is heavily wounded.
The orc warrior misses you.
You slice the orc warrior!!
You kill the orc warrior!
The gnoll sergeant hits you from afar with a spear of venom.
* * * LOW HITPOINT WARNING * * *
You are poisoned.
You feel better. The gnoll sergeant closely misses you.
You hit the ogre but do no damage. You slash the ogre.
The ogre is lightly wounded.
The ogre misses you. The gnoll sergeant misses you.
You slice the ogre!!
You kill the ogre!
Your hands revert to their normal proportions.
The gnoll sergeant closely misses you.
A gnoll comes into view. It is wielding a spear.
The gnoll hits you from afar with a spear.
* * * LOW HITPOINT WARNING * * *
Unknown command.
The orc throws a tomahawk.
The tomahawk misses you.
You see here a tomahawk.
The orc throws a tomahawk.
The tomahawk barely misses you.
There is a stone staircase leading up here.
You see here a tomahawk.
The gnoll hits you from afar with a spear.
* * * LOW HITPOINT WARNING * * *
You climb upwards.
There is a stone staircase leading down here.
A green ugly thing comes into view.
Found a ring mail.
A wraith comes into view.
A wraith comes into view.
A wraith comes into view.
You see here a ring mail.
An ogre comes into view. It is wielding a giant club.
The ogre moves out of view.
A centaur skeleton comes into view.
Found a runed mace and a scroll labeled DEPRISHUNIO.
Found a stone staircase leading down.
The ogre misses you.
A bullfrog zombie comes into view.
The green ugly thing gurgles horribly!
The centaur skeleton closely misses you.
You see here a scroll labeled DEPRISHUNIO.
As you read the scroll labeled DEPRISHUNIO, it crumbles to dust.
You hear a loud clanging noise!
It was a scroll of noise.
You see here a runed mace.
There is a stone staircase leading down here.
The green ugly thing closely misses you.
You climb downwards.
There is a stone staircase leading up here.
Casting: Blade Hands
Confirm with . or Enter, or press ? or * to list all spells.
Your hands turn into razor-sharp scythe blades.
You are feeling very hungry.
The green ugly thing headbutts you!
* * * LOW HITPOINT WARNING * * *
You are lethally poisoned!
The green ugly thing poisons you!
You closely miss the green ugly thing.
* * * LOW HITPOINT WARNING * * *
You feel very sick. The green ugly thing barely misses you.
You slash the green ugly thing!
You bite the green ugly thing, but do no damage.
The green ugly thing is lightly wounded.
* * * LOW HITPOINT WARNING * * *
You feel sick. The green ugly thing headbutts you!
* * * LOW HITPOINT WARNING * * *
You slash the green ugly thing!
The green ugly thing is moderately wounded.
* * * LOW HITPOINT WARNING * * *
You feel very sick.
You slice the green ugly thing!!
The green ugly thing is severely wounded.
* * * LOW HITPOINT WARNING * * *
You feel sick. The green ugly thing headbutts you!
You die...

###
...
#..
#.#
#.#
#.#
#u#
#@#
#.#
#.#
#.#
..#
...
.##
#.


You could see a green ugly thing.

Vanquished Creatures
  A frost giant (IceCv)
  Erica (D:10)
  A death yak (IceCv)
  An ice statue (IceCv)
  3 hornets
  17 polar bears (IceCv)
  15 yaks (IceCv)
  A shadow (D:12)
  2 soldier ants (D:10)
  A water moccasin (D:8)
  6 orc warriors
  2 ice beasts
  2 ogres (D:12)
  6 wolves (IceCv)
  7 centaurs
  3 big kobolds
  An elf zombie (Ossuary)
  4 bullfrogs
  3 elf skeletons (D:6)
  3 scorpions
  A water moccasin skeleton (D:6)
  4 howler monkeys
  A bullfrog zombie (D:7)
  3 crimson imps
  5 hounds
  An orc priest (D:9)
  2 centaur skeletons (D:8)
  2 jellies
  A bullfrog skeleton (D:10)
  3 human zombies (D:6)
  2 orc wizards
  2 iguanas (D:4)
  5 worker ants
  3 mummies (Ossuary)
  5 adders
  3 river rats (Sewer)
  A shadow imp (D:9)
  An ooze (D:4)
  5 adder zombies
  3 worms
  A dart slug (D:1)
  2 leopard geckos
  7 orcs
  4 giant cockroaches
  4 hobgoblins
  3 jackals
  13 kobolds
  2 quokkas
  A ball python (D:1)
  4 bats
  3 frilled lizards
  2 goblins
  3 goblin zombies (Ossuary)
  A hobgoblin zombie (Ossuary)
  A kobold zombie (Ossuary)
  An orc zombie (D:6)
  5 quokka zombies (Ossuary)
  8 rats
  2 rat zombies (Ossuary)
200 creatures vanquished.

Vanquished Creatures (collateral kills)
  A two-headed ogre (D:10)
  A black bear (D:8)
  2 elf skeletons (D:6)
  A human skeleton (D:6)
  A worm (D:2)
  An orc zombie (D:6)
  A quokka zombie (Ossuary)
8 creatures vanquished.

Vanquished Creatures (others)
  2 yaks (IceCv)
  2 wolves (IceCv)
  A quokka (D:7)
5 creatures vanquished.

Grand Total: 213 creatures vanquished

Notes
Turn   | Place    | Note
-------+----------+-------------------------------------------
     0 | D:1      | tidbits the Gnoll Transmuter began the quest for the Orb.
     0 | D:1      | Reached XP level 1. HP: 17/17 MP: 6/6
   112 | D:1      | Reached XP level 2. HP: 19/23 MP: 5/7
   116 | D:1      | Learned a level 2 spell: Sticks to Snakes
   372 | D:2      | Reached XP level 3. HP: 28/28 MP: 5/9
   375 | D:2      | Reached skill level 5 in Spellcasting
   475 | D:2      | Found a burning altar of Makhleb.
   475 | D:2      | Noticed a cacodemon
   525 | D:3      | Learned a level 3 spell: Spider Form
   578 | D:4      | Reached skill level 1 in Short Blades
   578 | D:4      | Reached skill level 1 in Long Blades
   578 | D:4      | Reached skill level 1 in Axes
   578 | D:4      | Reached skill level 1 in Maces & Flails
   578 | D:4      | Reached skill level 1 in Polearms
   578 | D:4      | Reached skill level 1 in Staves
   578 | D:4      | Reached skill level 1 in Slings
   578 | D:4      | Reached skill level 1 in Bows
   578 | D:4      | Reached skill level 1 in Crossbows
   578 | D:4      | Reached skill level 1 in Throwing
   578 | D:4      | Reached skill level 1 in Armour
   578 | D:4      | Reached skill level 1 in Stealth
   578 | D:4      | Reached skill level 1 in Shields
   578 | D:4      | Reached skill level 1 in Invocations
   578 | D:4      | Reached skill level 1 in Evocations
   578 | D:4      | Reached XP level 4. HP: 31/34 MP: 2/11
   667 | D:4      | Reached skill level 1 in Conjurations
   667 | D:4      | Reached skill level 1 in Hexes
   667 | D:4      | Reached skill level 1 in Charms
   667 | D:4      | Reached skill level 1 in Summonings
   667 | D:4      | Reached skill level 1 in Necromancy
   667 | D:4      | Reached skill level 1 in Translocations
   667 | D:4      | Reached skill level 1 in Fire Magic
   667 | D:4      | Reached skill level 1 in Ice Magic
   667 | D:4      | Reached skill level 1 in Air Magic
   667 | D:4      | Reached skill level 1 in Earth Magic
   667 | D:4      | Reached skill level 1 in Poison Magic
   673 | D:4      | Reached XP level 5. HP: 22/40 MP: 2/12
   803 | D:4      | Found a glowing drain.
   831 | Sewer    | Entered a sewer
   845 | Sewer    | Reached skill level 3 in Fighting
   873 | Sewer    | Noticed a big kobold
   889 | Sewer    | Killed a big kobold
   889 | Sewer    | Reached skill level 4 in Transmutations
   889 | Sewer    | Reached XP level 6. HP: 37/47 MP: 7/13
   915 | Sewer    | Found a glowing silver altar of Zin.
   989 | D:5      | Entered Level 5 of the Dungeon
  1041 | D:5      | Found a staircase to the Ecumenical Temple.
  1047 | Temple   | Entered the Ecumenical Temple
  1122 | D:5      | Reached skill level 2 in Invocations
  1176 | D:6      | Found Yrebrera's Weapon Emporium.
  1190 | D:6      | Reached skill level 2 in Short Blades
  1190 | D:6      | Reached skill level 2 in Long Blades
  1190 | D:6      | Reached skill level 2 in Axes
  1190 | D:6      | Reached skill level 2 in Maces & Flails
  1190 | D:6      | Reached skill level 2 in Polearms
  1190 | D:6      | Reached skill level 2 in Staves
  1190 | D:6      | Reached skill level 2 in Slings
  1190 | D:6      | Reached skill level 2 in Bows
  1190 | D:6      | Reached skill level 2 in Crossbows
  1190 | D:6      | Reached skill level 2 in Throwing
  1190 | D:6      | Reached skill level 2 in Armour
  1190 | D:6      | Reached skill level 5 in Dodging
  1190 | D:6      | Reached skill level 2 in Stealth
  1190 | D:6      | Reached skill level 2 in Shields
  1190 | D:6      | Reached skill level 2 in Evocations
  1237 | D:6      | Noticed an orc warrior
  1250 | D:6      | Killed an orc warrior
  1251 | D:6      | Reached XP level 7. HP: 21/52 MP: 6/15
  1266 | D:6      | Reached skill level 7 in Unarmed Combat
  1429 | D:7      | Reached skill level 2 in Conjurations
  1429 | D:7      | Reached skill level 2 in Hexes
  1429 | D:7      | Reached skill level 2 in Charms
  1429 | D:7      | Reached skill level 2 in Summonings
  1429 | D:7      | Reached skill level 2 in Necromancy
  1429 | D:7      | Reached skill level 2 in Translocations
  1429 | D:7      | Reached skill level 2 in Fire Magic
  1429 | D:7      | Reached skill level 2 in Ice Magic
  1429 | D:7      | Reached skill level 2 in Air Magic
  1429 | D:7      | Reached skill level 2 in Earth Magic
  1429 | D:7      | Reached skill level 2 in Poison Magic
  1747 | D:6      | Got a ripped robe
  1779 | D:6      | Found a sand-covered staircase.
  1792 | Ossuary  | Entered an ossuary
  1823 | Ossuary  | Identified the cursed +1 robe of Jiblouf {rElec} (You found it on level 6 of the Dungeon)
  1854 | Ossuary  | Reached skill level 3 in Invocations
  2009 | D:6      | Reached XP level 8. HP: 49/60 MP: 12/16
  2038 | D:6      | Reached skill level 4 in Fighting
  2038 | D:6      | Reached skill level 3 in Short Blades
  2038 | D:6      | Reached skill level 3 in Long Blades
  2038 | D:6      | Reached skill level 3 in Axes
  2038 | D:6      | Reached skill level 3 in Maces & Flails
  2038 | D:6      | Reached skill level 3 in Polearms
  2038 | D:6      | Reached skill level 3 in Staves
  2038 | D:6      | Reached skill level 3 in Slings
  2038 | D:6      | Reached skill level 3 in Bows
  2038 | D:6      | Reached skill level 3 in Crossbows
  2038 | D:6      | Reached skill level 3 in Throwing
  2038 | D:6      | Reached skill level 3 in Armour
  2038 | D:6      | Reached skill level 3 in Stealth
  2038 | D:6      | Reached skill level 3 in Shields
  2038 | D:6      | Reached skill level 3 in Evocations
  2159 | D:6      | Reached skill level 6 in Spellcasting
  2226 | D:7      | Found a white marble altar of Elyvilon.
  2554 | D:8      | Reached skill level 4 in Invocations
  2560 | D:8      | Reached skill level 3 in Conjurations
  2560 | D:8      | Reached skill level 3 in Hexes
  2560 | D:8      | Reached skill level 3 in Charms
  2560 | D:8      | Reached skill level 3 in Summonings
  2560 | D:8      | Reached skill level 3 in Necromancy
  2560 | D:8      | Reached skill level 3 in Translocations
  2560 | D:8      | Reached skill level 3 in Fire Magic
  2560 | D:8      | Reached skill level 3 in Ice Magic
  2560 | D:8      | Reached skill level 3 in Air Magic
  2560 | D:8      | Reached skill level 3 in Earth Magic
  2560 | D:8      | Reached skill level 3 in Poison Magic
  2578 | D:8      | Reached skill level 6 in Dodging
  2578 | D:8      | Reached XP level 9. HP: 23/66 MP: 18/18
  2598 | D:8      | Reached skill level 5 in Transmutations
  2757 | D:8      | Reached skill level 4 in Short Blades
  2757 | D:8      | Reached skill level 4 in Long Blades
  2757 | D:8      | Reached skill level 4 in Axes
  2757 | D:8      | Reached skill level 4 in Maces & Flails
  2757 | D:8      | Reached skill level 4 in Polearms
  2757 | D:8      | Reached skill level 4 in Staves
  2757 | D:8      | Reached skill level 4 in Slings
  2757 | D:8      | Reached skill level 4 in Bows
  2757 | D:8      | Reached skill level 4 in Crossbows
  2757 | D:8      | Reached skill level 4 in Throwing
  2757 | D:8      | Reached skill level 4 in Armour
  2757 | D:8      | Reached skill level 4 in Stealth
  2757 | D:8      | Reached skill level 4 in Shields
  2757 | D:8      | Reached skill level 4 in Evocations
  2864 | D:10     | Entered Level 10 of the Dungeon
  3010 | D:10     | Reached skill level 5 in Fighting
  3048 | D:10     | Noticed a hornet
  3048 | D:10     | Noticed a hornet
  3066 | D:10     | Killed a hornet
  3071 | D:10     | Killed a hornet
  3071 | D:10     | Reached skill level 8 in Unarmed Combat
  3080 | D:10     | Reached skill level 5 in Invocations
  3159 | D:10     | Noticed a two-headed ogre
  3179 | D:10     | Killed a two-headed ogre
  3179 | D:10     | Reached skill level 7 in Spellcasting
  3179 | D:10     | Reached skill level 4 in Conjurations
  3179 | D:10     | Reached skill level 4 in Hexes
  3179 | D:10     | Reached skill level 4 in Charms
  3179 | D:10     | Reached skill level 4 in Summonings
  3179 | D:10     | Reached skill level 4 in Necromancy
  3179 | D:10     | Reached skill level 4 in Translocations
  3179 | D:10     | Reached skill level 4 in Fire Magic
  3179 | D:10     | Reached skill level 4 in Ice Magic
  3179 | D:10     | Reached skill level 4 in Air Magic
  3179 | D:10     | Reached skill level 4 in Earth Magic
  3179 | D:10     | Reached skill level 4 in Poison Magic
  3179 | D:10     | Reached XP level 10. HP: 58/74 MP: 13/20
  3201 | D:10     | Noticed Erica
  3217 | D:10     | HP: 6/74 [Erica/bolt of poison (39)]
  3224 | D:10     | Killed Erica
  3224 | D:10     | Reached skill level 5 in Short Blades
  3224 | D:10     | Reached skill level 5 in Long Blades
  3224 | D:10     | Reached skill level 5 in Axes
  3224 | D:10     | Reached skill level 5 in Maces & Flails
  3224 | D:10     | Reached skill level 5 in Polearms
  3224 | D:10     | Reached skill level 5 in Staves
  3224 | D:10     | Reached skill level 5 in Slings
  3224 | D:10     | Reached skill level 5 in Bows
  3224 | D:10     | Reached skill level 5 in Crossbows
  3224 | D:10     | Reached skill level 5 in Throwing
  3224 | D:10     | Reached skill level 5 in Armour
  3224 | D:10     | Reached skill level 5 in Stealth
  3224 | D:10     | Reached skill level 5 in Shields
  3224 | D:10     | Reached skill level 5 in Evocations
  3365 | D:12     | Learned a level 4 spell: Ice Form
  3404 | D:12     | Reached skill level 7 in Dodging
  3431 | D:12     | Found a frozen archway.
  3448 | D:12     | Learned a level 5 spell: Blade Hands
  3449 | IceCv    | Entered an ice cave
  3469 | IceCv    | Reached skill level 6 in Fighting
  3476 | IceCv    | Reached skill level 6 in Transmutations
  3476 | IceCv    | Reached skill level 6 in Invocations
  3498 | IceCv    | Noticed an ice statue
  3559 | IceCv    | Killed an ice statue
  3593 | IceCv    | Reached XP level 11. HP: 28/82 MP: 20/22
  3667 | IceCv    | Reached skill level 6 in Short Blades
  3667 | IceCv    | Reached skill level 6 in Long Blades
  3667 | IceCv    | Reached skill level 6 in Axes
  3667 | IceCv    | Reached skill level 6 in Maces & Flails
  3667 | IceCv    | Reached skill level 6 in Polearms
  3667 | IceCv    | Reached skill level 6 in Staves
  3667 | IceCv    | Reached skill level 6 in Slings
  3667 | IceCv    | Reached skill level 6 in Bows
  3667 | IceCv    | Reached skill level 6 in Crossbows
  3667 | IceCv    | Reached skill level 6 in Throwing
  3667 | IceCv    | Reached skill level 6 in Armour
  3667 | IceCv    | Reached skill level 6 in Stealth
  3667 | IceCv    | Reached skill level 6 in Shields
  3667 | IceCv    | Reached skill level 9 in Unarmed Combat
  3667 | IceCv    | Reached skill level 6 in Evocations
  3732 | IceCv    | Reached skill level 5 in Conjurations
  3732 | IceCv    | Reached skill level 5 in Hexes
  3732 | IceCv    | Reached skill level 5 in Charms
  3732 | IceCv    | Reached skill level 5 in Summonings
  3732 | IceCv    | Reached skill level 5 in Necromancy
  3732 | IceCv    | Reached skill level 5 in Translocations
  3732 | IceCv    | Reached skill level 5 in Fire Magic
  3732 | IceCv    | Reached skill level 5 in Ice Magic
  3732 | IceCv    | Reached skill level 5 in Air Magic
  3732 | IceCv    | Reached skill level 5 in Earth Magic
  3732 | IceCv    | Reached skill level 5 in Poison Magic
  3751 | IceCv    | Reached skill level 8 in Spellcasting
  3973 | IceCv    | Noticed a death yak
  3973 | IceCv    | Noticed a frost giant
  3988 | IceCv    | Killed a death yak
  3988 | IceCv    | Reached skill level 7 in Invocations
  3996 | IceCv    | Killed a frost giant
  3996 | IceCv    | Reached skill level 7 in Fighting
  3996 | IceCv    | Reached skill level 8 in Dodging
  4010 | IceCv    | Reached XP level 12. HP: 22/91 MP: 22/24
  4120 | D:12     | Found a staircase to the Orcish Mines.
  4253 | D:12     | HP: 9/91 [green ugly thing (13)]
  4255 | D:12     | HP: 4/91 [poisoned by a green ugly thing]
  4255 | D:12     | Slain by a green ugly thing

Vault maps used:
D:1:      dpeg_arrival_radiant, st_stairs_13, hangedman_decor_slide_cut
D:2:      kennysheep_six_static_rooms, first_bread, makhleb_altar_promises_db
D:3:      kennysheep_slug_shrine
D:4:      cheibrodos_sewer_entry_bend, serial_shops, shop
D:5:      minmay_temple_entry_fiery, uniq_blork_the_orc
D:6:      serial_shops, kennysheep_little_box, nicolae_ossuary_entry_catacombs,
          grunt_qazlal_sundering
D:7:      elyvilon_altar_4
D:8:      grunt_decor_resistance, uniq_psyche
D:10:     hangedman_pestilent_swarm, uniq_erica
D:11:     david_lair_shrubbed, roderic_three_in_a_row, uniq_josephine
D:12:     kennysheep_orc_monster_closet_entryway,
          portal_ice_cave_entry_pillars_2, minmay_misc_feat_x,
          minmay_unpleasant_kobolds, uniq_nergalle
Temple:   dpeg_three_leaves_temple
Sewer:    sewer_kobolds
Ossuary:  ossuary_minmay_chase
IceCv:    ice_cave_caverns_03

Skill      XL: |  1  2  3  4  5  6  7  8  9 10 11 |
---------------+----------------------------------+-----
Spellcasting   | 5 6 7 8 |  8.5
Short Blades   | 1 2 3 4 5 6 |  6.8
Long Blades    | 1 2 3 4 5 6 |  6.8
Axes           | 1 2 3 4 5 6 |  6.8
Maces & Flails | 1 2 3 4 5 6 |  6.8
Polearms       | 1 2 3 4 5 6 |  6.8
Staves         | 1 2 3 4 5 6 |  6.8
Slings         | 1 2 3 4 5 6 |  6.8
Bows           | 1 2 3 4 5 6 |  6.8
Crossbows      | 1 2 3 4 5 6 |  6.8
Throwing       | 1 2 3 4 5 6 |  6.8
Armour         | 1 2 3 4 5 6 |  6.8
Stealth        | 1 2 3 4 5 6 |  6.8
Shields        | 1 2 3 4 5 6 |  6.8
Invocations    | 1 2 3 4 5 6 7 |  7.5
Evocations     | 1 2 3 4 5 6 |  6.8
Conjurations   | 1 2 3 4 5 |  5.6
Hexes          | 1 2 3 4 5 |  5.6
Charms         | 1 2 3 4 5 |  5.6
Summonings     | 1 2 3 4 5 |  5.6
Necromancy     | 1 2 3 4 5 |  5.6
Translocations | 1 2 3 4 5 |  5.6
Fire Magic     | 1 2 3 4 5 |  5.6
Ice Magic      | 1 2 3 4 5 |  5.6
Air Magic      | 1 2 3 4 5 |  5.6
Earth Magic    | 1 2 3 4 5 |  5.6
Poison Magic   | 1 2 3 4 5 |  5.6
Fighting       | 3 4 5 6 7 |  7.3
Transmutations | 4 5 6 |  6.9
Dodging        | 5 6 7 8 |  8.3
Unarmed Combat | 7 8 9 |  9.5

Action                   |  1- 3 |  4- 6 |  7- 9 | 10-12 || total
-------------------------+-------+-------+-------+-------++-------
Melee: Unarmed           |    55 |    84 |   307 |   191 ||   637
       Headbutt          |     4 |       |       |       ||     4
       Bite              |     2 |       |       |    14 ||    16
       Kick              |     1 |       |       |       ||     1
       Punch             |     1 |       |     1 |     6 ||     8
 Cast: Beastly Appendage |    16 |       |       |       ||    16
       Sticks to Snakes  |     4 |     4 |    27 |     9 ||    44
       Spider Form       |     1 |    14 |    32 |     5 ||    52
       Blade Hands       |       |       |       |     9 ||     9
       Ice Form          |       |       |       |     1 ||     1
 Abil: End Transformatio |       |       |     1 |     4 ||     5
Evoke: Wand              |       |       |       |    12 ||    12
       Lightning rod     |       |       |       |     4 ||     4
  Use: Scroll            |       |       |    13 |     2 ||    15
       Potion            |       |       |     3 |    13 ||    16
 Stab: Sleeping          |     1 |     1 |     9 |     2 ||    13
       Distracted        |       |       |     7 |     3 ||    10
  Eat: Chunk             |       |     2 |     5 |     4 ||    11
       Fruit             |       |       |     6 |       ||     6
Armor: Robe              |     5 |       |     1 |       ||     6
       Skin              |       |     2 |    12 |     8 ||    22
       Leather armour    |       |       |       |    13 ||    13
Dodge: Dodged            |    23 |    73 |   203 |   155 ||   454

Table legend:
 A = Spawn XP
 B = Non-spawn XP
 C = Spawn XP percentage of total XP
 D = Spawn monster count
 E = Non-spawn monster count
 F = Spawn count percentage of total count
 G = Total turns spent on level
                    A         B        C        D         E        F      G
               +---------+---------+-------+---------+---------+-------+---------
         Total |       0 |   19709 |   0.0 |       0 |     208 |   0.0 |  4255
               +---------+---------+-------+---------+---------+-------+---------
           D:1 |       0 |      25 |   0.0 |       0 |      15 |   0.0 |   227
           D:2 |       0 |      17 |   0.0 |       0 |      11 |   0.0 |   258
           D:3 |       0 |       7 |   0.0 |       0 |       3 |   0.0 |   126
           D:4 |       0 |     145 |   0.0 |       0 |      11 |   0.0 |   257
           D:5 |       0 |      95 |   0.0 |       0 |       3 |   0.0 |   219
           D:6 |       0 |     996 |   0.0 |       0 |      22 |   0.0 |   668
           D:7 |       0 |     163 |   0.0 |       0 |       7 |   0.0 |   274
           D:8 |       0 |    1033 |   0.0 |       0 |      22 |   0.0 |   393
           D:9 |       0 |     277 |   0.0 |       0 |       8 |   0.0 |    89
          D:10 |       0 |    2823 |   0.0 |       0 |      14 |   0.0 |   431
          D:11 |       0 |     255 |   0.0 |       0 |       3 |   0.0 |   136
          D:12 |       0 |    2030 |   0.0 |       0 |      16 |   0.0 |   205
         Sewer |       0 |     140 |   0.0 |       0 |      11 |   0.0 |   121
       Ossuary |       0 |     172 |   0.0 |       0 |      21 |   0.0 |   200
         IceCv |       0 |   11531 |   0.0 |       0 |      41 |   0.0 |   611
               +---------+---------+-------+---------+---------+-------+---------

Table legend:
 A = Turns spent in this place as a percentage of turns spent in the entire game.
 B = Non-inter-level travel turns spent in this place as a percentage of non-inter-level travel turns spent in the entire game.
 C = Inter-level travel turns spent in this place as a percentage of turns spent in this place.
 D = Turns resting spent in this place as a percentage of non-inter-level travel turns spent in this place.
 E = Turns spent auto-exploring this place as a percentage of non-inter-level travel turns spent in this place.
 F = Non-inter-level travel turns spent in this place divided by the number of levels of this place that you've seen.
                   A       B       C       D       E      F
               +-------+-------+-------+-------+-------+----------------------
         Total | 100.0 | 100.0 |   1.5 |   0.0 |   0.0 | 261.9
       Dungeon |  77.2 |  76.8 |   1.9 |   0.0 |   0.0 | 268.2
        Temple |   0.9 |   1.0 |   0.0 |   0.0 |   0.0 |  40.0
         Sewer |   2.8 |   2.9 |   0.0 |   0.0 |   0.0 | 121.0
       Ossuary |   4.7 |   4.8 |   0.0 |   0.0 |   0.0 | 200.0
      Ice Cave |  14.4 |  14.6 |   0.0 |   0.0 |   0.0 | 611.0
               +-------+-------+-------+-------+-------+----------------------

Table legend:
 A = Kills in this place as a percentage of kills in entire the game.
 B = Kills by you in this place as a percentage of kills by you in the entire game.
 C = Kills by friends in this place as a percentage of kills by friends in the entire game.
 D = Other kills in this place as a percentage of other kills in the entire game.
 E = Experience gained in this place as a percentage of experience gained in the entire game.
 F = Experience gained in this place divided by the number of levels of this place that you have seen.
                   A       B       C       D       E      F
               +-------+-------+-------+-------+-------+----------------------
         Total | 100.0 | 100.0 | 100.0 |   N/A | 100.0 | 1231.8
       Dungeon |  64.9 |  64.0 |  87.5 |   N/A |  39.9 | 655.5
         Sewer |   5.3 |   5.5 |   0.0 |   N/A |   0.7 | 140.0
       Ossuary |  10.1 |  10.0 |  12.5 |   N/A |   0.9 | 172.0
      Ice Cave |  19.7 |  20.5 |   0.0 |   N/A |  58.5 | 11531.0
               +-------+-------+-------+-------+-------+----------------------

Vault maps used:
D:1:      dpeg_arrival_radiant, st_stairs_13, hangedman_decor_slide_cut
D:2:      kennysheep_six_static_rooms, first_bread, makhleb_altar_promises_db
D:3:      kennysheep_slug_shrine
D:4:      cheibrodos_sewer_entry_bend, serial_shops, shop
D:5:      minmay_temple_entry_fiery, uniq_blork_the_orc
D:6:      serial_shops, kennysheep_little_box, nicolae_ossuary_entry_catacombs,
          grunt_qazlal_sundering
D:7:      elyvilon_altar_4
D:8:      grunt_decor_resistance, uniq_psyche
D:10:     hangedman_pestilent_swarm, uniq_erica
D:11:     david_lair_shrubbed, roderic_three_in_a_row, uniq_josephine
D:12:     kennysheep_orc_monster_closet_entryway,
          portal_ice_cave_entry_pillars_2, minmay_misc_feat_x,
          minmay_unpleasant_kobolds, uniq_nergalle
Temple:   dpeg_three_leaves_temple
Sewer:    sewer_kobolds
Ossuary:  ossuary_minmay_chase
IceCv:    ice_cave_caverns_03
